MLB
SAN DIEGO PADRES @ ARIZONA DIAMONDBACKS
09/03/2019
 
TOP OF THE 1ST
San Diego Padres batting - Pitching for Arizona Diamondbacks : LHP Max Fried
Pitching: LHP Max Fried
Batting: RHB Lorenzo Cain 0-0: Called Strike
0-1: Ball
1-1: SINGLE (Groundball, 34D, EV 100.0 MPH)
Batting: RHB Amed Rosario 0-0: Foul Ball, location: 2F
0-1: Swinging Strike
0-2: Strikes out swinging
Batting: RHB Mitch Haniger 0-0: Ball
1-0: SINGLE (Groundball, 4MD, EV 105.0 MPH)
Lorenzo Cain to second
Batting: RHB Hunter Renfroe 0-0: Ball
1-0: Ball
2-0: Grounds into double play, 5-4-3 (Groundball, 5, EV 85.6 MPH)
Top of the 1st over - 0 runs, 2 hits, 0 errors, 1 left on base; San Diego 0 - Arizona 0
BOTTOM OF THE 1ST
Arizona Diamondbacks batting - Pitching for San Diego Padres : RHP Marcus Stroman
Pitching: RHP Marcus Stroman
Batting: LHB Raimel Tapia 0-0: SINGLE (Line Drive, 8RS, EV 105.6 MPH)
Batting: LHB Socrates Brito 0-0: Foul Ball, location: 2F
0-1: Ball
1-1: Fly out, F8 (Flyball, 8LD, EV 108.1 MPH)
Batting: RHB Gleyber Torres 0-0: Called Strike
0-1: Foul Ball, location: 2F
0-2: Ball
1-2: Foul Ball, location: 2F
1-2: Foul Ball, location: 2F
1-2: Strikes out swinging
Batting: LHB Ryan McMahon 0-0: Ball
1-0: Ball
2-0: Called Strike
2-1: Swinging Strike
2-2: Foul Ball, location: 2F
2-2: Fly out, F8 (Flyball, 8LD, EV 89.4 MPH)
Bottom of the 1st over - 0 runs, 1 hit, 0 errors, 1 left on base; San Diego 0 - Arizona 0
TOP OF THE 2ND
San Diego Padres batting - Pitching for Arizona Diamondbacks : LHP Max Fried
Batting: RHB Yadier Molina 0-0: SINGLE (Line Drive, 7S, EV 110.0 MPH)
Batting: SHB Carlos Santana 0-0: Called Strike
0-1: Ball
1-1: Ball
2-1: Foul Ball, location: 2F
2-2: Ball
3-2: Foul Ball, location: 2F
3-2: Foul Ball, location: 2F
3-2: Base on Balls
Yadier Molina to second
Batting: SHB Johan Camargo 0-0: Ball
1-0: Ball
2-0: Called Strike
2-1: Foul Ball, location: 2F
2-2: Foul Ball, location: 2F
2-2: Ball
3-2: Foul Ball, location: 2F
3-2: Foul Ball, location: 2F
3-2: SINGLE (Groundball, 5, EV 101.9 MPH) (infield hit)
Yadier Molina to third
Carlos Santana to second
Batting: RHB Marcus Stroman 0-0: Called Strike
0-1: SINGLE (Groundball, 56, EV 89.4 MPH) (infield hit)
Yadier Molina scores
Carlos Santana to third
Johan Camargo to second
Batting: LHB Brock Holt 0-0: Ball
1-0: Called Strike
1-1: Ball
2-1: Called Strike
2-2: Ball
3-2: Base on Balls
Carlos Santana scores
Johan Camargo to third
Marcus Stroman to second
Batting: RHB Lorenzo Cain 0-0: Ball
1-0: Foul Ball, location: 2F
1-1: Foul Ball, location: 2F
1-2: Foul Ball, location: 2F
1-2: Grounds into double play, 5-4-3 (Groundball, 56S, EV 84.4 MPH)
Johan Camargo scores
Marcus Stroman to third
Batting: RHB Amed Rosario 0-0: Ball
1-0: Ball
2-0: Ball
3-0: Base on Balls
Batting: RHB Mitch Haniger 0-0: Called Strike
0-1: SINGLE (Groundball, 6D, EV 98.8 MPH)
Marcus Stroman scores
Amed Rosario to second
Runner from 2nd tries for 3rd, SAFE, throw by LF made to third
Batting: RHB Hunter Renfroe 0-0: Ball
1-0: Foul Ball, location: 2F
1-1: SINGLE (Groundball, 6D, EV 98.1 MPH)
Amed Rosario scores
Mitch Haniger to second
Pitching: RHP Nick Gardewine
Batting: RHB Yadier Molina 0-0: Ball
1-0: Ball
2-0: Ball
3-0: Foul Ball, location: 2F
3-1: Fielders Choice at 2nd, 6-4 (Groundball, 56, EV 82.5 MPH)
Top of the 2nd over - 5 runs, 5 hits, 0 errors, 2 left on base; San Diego 5 - Arizona 0
BOTTOM OF THE 2ND
Arizona Diamondbacks batting - Pitching for San Diego Padres : RHP Marcus Stroman
Batting: LHB Josh Reddick 0-0: Called Strike
0-1: Ball
1-1: Ball
2-1: Called Strike
2-2: Foul Ball, location: 2F
2-2: Foul Ball, location: 2F
2-2: Foul Ball, location: 2F
2-2: Ball
3-2: Base on Balls
Batting: RHB Tim Beckham 0-0: Fielders Choice at 2nd, 6-4 (Groundball, 6S, EV 78.8 MPH)
Now at 2B: Jose Pirela
Batting: RHB Zack Short 0-0: Ball
1-0: Called Strike
1-1: SINGLE (Groundball, 34D, EV 95.0 MPH)
Tim Beckham to second
Batting: RHB Brian Serven 0-0: Called Strike
0-1: Foul Ball, location: 2F
0-2: Ball
1-2: Ball
2-2: Ball
3-2: Base on Balls
Tim Beckham to third
Zack Short to second
Batting: RHB Nick Gardewine 0-0: Called Strike
0-1: Ball
1-1: Grounds into double play, 3-6-1 (Groundball, 3, EV 99.4 MPH)
Bottom of the 2nd over - 0 runs, 1 hit, 0 errors, 2 left on base; San Diego 5 - Arizona 0
TOP OF THE 3RD
San Diego Padres batting - Pitching for Arizona Diamondbacks : RHP Nick Gardewine
Batting: SHB Carlos Santana 0-0: Ball
1-0: Swinging Strike
1-1: Foul Ball, location: 2F
1-2: Ball
2-2: Ball
3-2: Base on Balls
Batting: SHB Johan Camargo 0-0: Ball
1-0: Foul Ball, location: 2F
1-1: Ball
2-1: Ground out 6-3 (Groundball, 6, EV 82.5 MPH)
Carlos Santana to second
Batting: RHB Marcus Stroman 0-0: Ball
Wild Pitch!
Carlos Santana to third
1-0: Ball
2-0: Ball
3-0: Base on Balls
Batting: RHB Jose Pirela 0-0: Ball
1-0: Ball
2-0: Called Strike
2-1: Ball
3-1: Grounds into double play, 5-4-3 (Groundball, 56, EV 108.1 MPH)
Top of the 3rd over - 0 runs, 0 hits, 0 errors, 1 left on base; San Diego 5 - Arizona 0
BOTTOM OF THE 3RD
Arizona Diamondbacks batting - Pitching for San Diego Padres : RHP Marcus Stroman
Batting: LHB Raimel Tapia 0-0: Ground out 4-3 (Groundball, 34D, EV 100.6 MPH)
Batting: LHB Socrates Brito 0-0: Called Strike
0-1: Ground out 5-3 (Groundball, 56S, EV 84.4 MPH)
Batting: RHB Gleyber Torres 0-0: Ball
1-0: Ball
2-0: Ground out U3 (Groundball, 34, EV 105.0 MPH)
Bottom of the 3rd over - 0 runs, 0 hits, 0 errors, 0 left on base; San Diego 5 - Arizona 0
TOP OF THE 4TH
San Diego Padres batting - Pitching for Arizona Diamondbacks : RHP Nick Gardewine
Pitching: RHP Jairo Diaz
Batting: RHB Lorenzo Cain 0-0: Foul Ball, location: 2F
0-1: Ball
1-1: Ball
2-1: Ball
3-1: Base on Balls
Batting: RHB Amed Rosario 0-0: Called Strike
Lorenzo Cain is caught stealing 2nd base 2-4
0-1: Foul Ball, location: 2F
0-2: Foul Ball, location: 2F
0-2: Foul Ball, location: 2F
0-2: Ball
1-2: Strikes out swinging
Batting: RHB Mitch Haniger 0-0: Called Strike
0-1: Swinging Strike
0-2: Ball
1-2: Strikes out looking
Top of the 4th over - 0 runs, 0 hits, 0 errors, 0 left on base; San Diego 5 - Arizona 0
BOTTOM OF THE 4TH
Arizona Diamondbacks batting - Pitching for San Diego Padres : RHP Marcus Stroman
Batting: LHB Ryan McMahon 0-0: Foul Ball, location: 2F
0-1: Ball
1-1: Called Strike
1-2: Ball
2-2: DOUBLE (Line Drive, 7LD, EV 105.6 MPH)
Batting: LHB Josh Reddick 0-0: Swinging Strike
0-1: Ball
1-1: Ground out 6-3 (Groundball, 6MS, EV 90.0 MPH)
Ryan McMahon to third
Batting: RHB Tim Beckham 0-0: Ball
1-0: Fly out, F9 (Flyball, 9, EV 89.4 MPH)
Runner from 3rd tags up, SCORES, throw by RF
Batting: RHB Zack Short 0-0: Called Strike
0-1: Ball
1-1: Swinging Strike
1-2: Ball
2-2: Foul Ball, location: 2F
2-2: Ball
3-2: Fly out, F4 (Line Drive, 4, EV 66.3 MPH)
Bottom of the 4th over - 1 run, 1 hit, 0 errors, 0 left on base; San Diego 5 - Arizona 1
TOP OF THE 5TH
San Diego Padres batting - Pitching for Arizona Diamondbacks : RHP Jairo Diaz
Batting: RHB Hunter Renfroe 0-0: Ball
1-0: Swinging Strike
1-1: Ball
2-1: Foul Ball, location: 2F
2-2: Foul Ball, location: 2F
2-2: Foul Ball, location: 2F
2-2: Ball
3-2: Fly out, F8 (Flyball, 89S, EV 80.0 MPH)
Pitching: RHP Raynel Espinal
Batting: RHB Yadier Molina 0-0: Ball
1-0: Called Strike
1-1: SINGLE (Groundball, 56D, EV 106.3 MPH)
Batting: SHB Carlos Santana 0-0: Called Strike
0-1: Ball
1-1: Fly out, F9 (Flyball, 9LS, EV 95.6 MPH)
Batting: SHB Johan Camargo 0-0: Ball
1-0: Foul Ball, location: 2F
1-1: Called Strike
1-2: Strikes out looking
Top of the 5th over - 0 runs, 1 hit, 0 errors, 1 left on base; San Diego 5 - Arizona 1
BOTTOM OF THE 5TH
Arizona Diamondbacks batting - Pitching for San Diego Padres : RHP Marcus Stroman
Batting: RHB Brian Serven 0-0: SINGLE (Groundball, 6MD, EV 105.0 MPH)
Batting: RHB Raynel Espinal 0-0: Sac Bunt to 2L - play at second, runner OUT! 2-6
Batting: LHB Raimel Tapia 0-0: Ball
1-0: SINGLE (Line Drive, 4D, EV 100.6 MPH)
Raynel Espinal to second
Batting: LHB Socrates Brito 0-0: Ball
1-0: Ground out 4-3 (Groundball, 4S, EV 72.5 MPH)
Raynel Espinal to third
Raimel Tapia to second
Batting: RHB Gleyber Torres 0-0: Called Strike
0-1: Ball
1-1: Ball
2-1: Ground out 4-3 (Groundball, 34D, EV 104.4 MPH)
Bottom of the 5th over - 0 runs, 2 hits, 0 errors, 2 left on base; San Diego 5 - Arizona 1
TOP OF THE 6TH
San Diego Padres batting - Pitching for Arizona Diamondbacks : RHP Raynel Espinal
Batting: RHB Marcus Stroman 0-0: Fly out, F8 (Flyball, 8LM, EV 88.8 MPH)
Batting: RHB Jose Pirela 0-0: Swinging Strike
0-1: Ball
1-1: Foul Ball, location: 2F
1-2: Ball
2-2: Fly out, F7 (Line Drive, 7, EV 94.4 MPH)
Batting: RHB Lorenzo Cain 0-0: Foul Ball, location: 2F
0-1: Foul Ball, location: 2F
0-2: Foul Ball, location: 2F
0-2: Ball
1-2: Foul Ball, location: 2F
1-2: Ball
2-2: Strikes out swinging
Top of the 6th over - 0 runs, 0 hits, 0 errors, 0 left on base; San Diego 5 - Arizona 1
BOTTOM OF THE 6TH
Arizona Diamondbacks batting - Pitching for San Diego Padres : RHP Marcus Stroman
Batting: LHB Ryan McMahon 0-0: Called Strike
0-1: TRIPLE (Line Drive, 89XD, EV 102.5 MPH)
Batting: LHB Josh Reddick 0-0: Foul Ball, location: 2F
0-1: Fly out, F9 (Flyball, 9, EV 86.9 MPH)
Runner from 3rd tags up, SCORES, throw by RF
Batting: RHB Tim Beckham 0-0: Ball
1-0: Foul Ball, location: 2F
1-1: Swinging Strike
1-2: Fly out, F5 (Popup, 5SF, EV 71.3 MPH)
Batting: RHB Zack Short 0-0: Ball
1-0: Ball
2-0: TRIPLE (Line Drive, 8LXD, EV 107.5 MPH)
Batting: RHB Brian Serven 0-0: Called Strike
0-1: Ground out 4-3 (Groundball, 4, EV 86.3 MPH)
Bottom of the 6th over - 1 run, 2 hits, 0 errors, 1 left on base; San Diego 5 - Arizona 2
TOP OF THE 7TH
San Diego Padres batting - Pitching for Arizona Diamondbacks : RHP Raynel Espinal
Pitching: RHP J.B. Wendelken
Batting: RHB Amed Rosario 0-0: Foul Ball, location: 2F
0-1: Foul Ball, location: 2F
0-2: Foul Ball, location: 2F
0-2: Strikes out looking
Batting: RHB Mitch Haniger 0-0: Foul Ball, location: 2F
0-1: Called Strike
0-2: Foul Ball, location: 2F
0-2: Ball
1-2: Hit by Pitch
Batting: RHB Hunter Renfroe 0-0: Called Strike
0-1: Swinging Strike
0-2: Ball
1-2: Ball
2-2: Foul Ball, location: 2F
2-2: Strikes out looking
Batting: RHB Yadier Molina 0-0: Called Strike
0-1: Ball
1-1: Ball
2-1: Foul Ball, location: 2F
2-2: Ground out 5-3 (Groundball, 56S, EV 87.5 MPH)
Top of the 7th over - 0 runs, 0 hits, 0 errors, 1 left on base; San Diego 5 - Arizona 2
BOTTOM OF THE 7TH
Arizona Diamondbacks batting - Pitching for San Diego Padres : RHP Marcus Stroman
Batting: RHB J.B. Wendelken 0-0: Ball
1-0: Called Strike
1-1: Ball
2-1: Foul Ball, location: 2F
2-2: Strikes out swinging
Batting: LHB Raimel Tapia 0-0: Ball
1-0: Foul Ball, location: 2F
1-1: Fly out, F7 (Flyball, 78D, EV 105.6 MPH)
Batting: LHB Socrates Brito 0-0: Fly out, F9 (Flyball, 89S, EV 91.3 MPH)
Bottom of the 7th over - 0 runs, 0 hits, 0 errors, 0 left on base; San Diego 5 - Arizona 2
TOP OF THE 8TH
San Diego Padres batting - Pitching for Arizona Diamondbacks : RHP J.B. Wendelken
Pitching: RHP Jandel Gustave
Batting: SHB Carlos Santana 0-0: Ball
1-0: Ball
2-0: Ball
3-0: Called Strike
3-1: Base on Balls
Batting: SHB Johan Camargo 0-0: Swinging Strike
0-1: Ball
1-1: Ball
2-1: Sac Bunt to 2R - play at second, runner OUT! 2-6
Pinch Hitting: LHB Brad Miller 0-0: Ball
1-0: Called Strike
1-1: Ball
2-1: Ball
3-1: Base on Balls
Johan Camargo to second
Batting: RHB Jose Pirela 0-0: Called Strike
0-1: Grounds into double play, 6-4-3 (Groundball, 56, EV 99.4 MPH)
Top of the 8th over - 0 runs, 0 hits, 0 errors, 1 left on base; San Diego 5 - Arizona 2
BOTTOM OF THE 8TH
Arizona Diamondbacks batting - Pitching for San Diego Padres : RHP Marcus Stroman
Pitching: RHP Archie Bradley
Batting: RHB Gleyber Torres 0-0: Ball
1-0: Swinging Strike
1-1: Ball
2-1: Foul Ball, location: 2F
2-2: Ball
3-2: Base on Balls
Batting: LHB Ryan McMahon 0-0: Called Strike
0-1: Ball
1-1: Foul Ball, location: 2F
1-2: Strikes out swinging
Batting: LHB Josh Reddick 0-0: DOUBLE (Groundball, 5L, EV 102.5 MPH)
Gleyber Torres to third
Batting: RHB Tim Beckham 0-0: Ball
1-0: Called Strike
1-1: Foul Ball, location: 2F
1-2: Ball
2-2: Foul Ball, location: 2F
2-2: Ball
3-2: Ground out 6-3 (Groundball, 6, EV 90.6 MPH)
Gleyber Torres scores
Batting: RHB Zack Short 0-0: Ball
1-0: Called Strike
1-1: Ball
2-1: Foul Ball, location: 2F
2-2: Ball
3-2: Ground out 5-3 (Groundball, 56, EV 106.3 MPH)
Bottom of the 8th over - 1 run, 1 hit, 0 errors, 1 left on base; San Diego 5 - Arizona 3
TOP OF THE 9TH
San Diego Padres batting - Pitching for Arizona Diamondbacks : RHP Jandel Gustave
Pitching: LHP Dan Jennings
Batting: RHB Lorenzo Cain 0-0: TRIPLE (Flyball, 8RXD, EV 92.5 MPH)
Batting: RHB Amed Rosario 0-0: Ball
1-0: Ball
2-0: Ball
3-0: Called Strike
3-1: Called Strike
3-2: SINGLE (Line Drive, 6MD, EV 105.0 MPH)
Lorenzo Cain scores
Batting: RHB Mitch Haniger 0-0: Swinging Strike
0-1: Swinging Strike
0-2: Ball
Wild Pitch!
Amed Rosario to second
1-2: Ball
2-2: Ball
3-2: Base on Balls
Batting: RHB Hunter Renfroe 0-0: Fly out, F8 (Flyball, 8RXD, EV 94.4 MPH)
Runner from 2nd tags up, SAFE at 3rd, no throw by CF
Batting: RHB Yadier Molina 0-0: Ball
1-0: Called Strike
1-1: Ball
2-1: Foul Ball, location: 2F
2-2: Ball
3-2: Base on Balls
Mitch Haniger to second
Pitching: RHP Dillon Tate
Batting: SHB Carlos Santana 0-0: Called Strike
0-1: Called Strike
0-2: SINGLE (Groundball, 34D, EV 99.4 MPH)
Amed Rosario scores
Mitch Haniger to third
Yadier Molina to second
Batting: SHB Johan Camargo 0-0: Ball
1-0: GRAND SLAM HOME RUN (Line Drive, 89XD, EV 99.4 MPH), Distance : 393 ft
Pinch Hitting: RHB Jose Altuve 0-0: Foul Ball, location: 2F
0-1: Ball
1-1: Foul Ball, location: 2F
1-2: Foul Ball, location: 2F
1-2: Fly out, F8 (Flyball, 8LM, EV 90.6 MPH)
Batting: RHB Jose Pirela 0-0: Ground out 5-3 (Groundball, 5, EV 89.4 MPH)
Top of the 9th over - 6 runs, 4 hits, 0 errors, 0 left on base; San Diego 11 - Arizona 3
BOTTOM OF THE 9TH
Arizona Diamondbacks batting - Pitching for San Diego Padres : RHP Archie Bradley
Pitching: RHP Spencer Turnbull
Batting: RHB Brian Serven 0-0: Ball
1-0: Ground out 6-3 (Groundball, 6, EV 98.1 MPH)
Pinch Hitting: SHB Francisco Mejia 0-0: Called Strike
0-1: Foul Ball, location: 2F
0-2: Ball
1-2: SINGLE (Line Drive, 89S, EV 91.9 MPH)
Pinch Hitting: LHB Tyler Wade 0-0: Ball
1-0: Called Strike
1-1: Foul Ball, location: 2F
1-2: Strikes out swinging
Batting: LHB Socrates Brito 0-0: Fly out, F7 (Flyball, 7, EV 93.8 MPH)
Bottom of the 9th over - 0 runs, 1 hit, 0 errors, 1 left on base; San Diego 11 - Arizona 3
Sunday, December 8th, 2019 - OOTP Baseball 20.8 Build 73